 Dungeon Crawl Stone Soup version 0.28.0 (webtiles) character file.

Game seed: 3987700092469894759

74 Dorkslayer the Skirmisher (level 4, 0/50 HPs)
             Began as an Ogre Fighter on June 4, 2022.
             Slain by a white imp (4 damage)
             ... summoned by Natasha
             ... on level 2 of the Dungeon.
             The game lasted 00:02:48 (1724 turns).

Dorkslayer the Skirmisher (Ogre Fighter)            Turns: 1724, Time: 00:02:48

Health: 0/50       AC:  3    Str: 19 (20) XL:     4   Next: 30%
Magic:  13/13      EV:  9    Int:  8 (9)  God:
Gold:   102        SH:  7    Dex:  9 (10) Spells: 3/3 levels left

rFire   . . .      SeeInvis .   a - +0 war axe
rCold   . . .      Faith    .   c - +0 kite shield
rNeg    . . .      Spirit   .   b - +0 robe
rPois   .          Reflect  .   (helmet restricted)
rElec   .          Harm     .   (no cloak)
rCorr   .          Rampage  .   (gloves unavailable)
Will    .....                   (boots unavailable)
Stlth   +.........              (no amulet)
HPRegen 0.16/turn               m - ring of magical power
MPRegen 0.13/turn               (no ring)

@: attractive, slowed, invisible, very slow
A: large, unfitting armour, tough skin 1
a: no special abilities


You were on level 2 of the Dungeon.
You visited 1 branch of the dungeon, and saw 2 of its levels.

You collected 102 gold pieces.

Inventory:

Hand Weapons
 a - a +0 war axe (weapon)
Armour
 b - a +0 robe (worn)
 c - a +0 kite shield (worn)
Jewellery
 m - a ring of magical power (left hand)
Scrolls
 e - a scroll of noise {unknown}
 f - a scroll of blinking {unknown}
 g - a scroll of teleportation {unknown}
 j - a scroll of torment {unknown}
 k - a scroll of identify {unknown}
 n - a scroll of vulnerability {unknown}
Potions
 d - a potion of might
 h - 3 potions of degeneration
 i - a potion of invisibility


   Skills:
 * Level 5.0 Fighting
 + Level 2.6 Axes
 * Level 3.3 Dodging
 + Level 0.1 Stealth
 * Level 3.1 Shields


You had 3 spell levels left.
You didn't know any spells.
Your spell library contained the following spells:

 Spells                   Type           Power      Damage    Failure   Level
 Shock                    Conj/Air       0%         1d3       71%         1
 Swiftness                Air            0%         N/A       97%         3
 Airstrike                Air            0%         N/A       100%        4


Dungeon Overview and Level Annotations

Branches:
Dungeon (2/15)

Altars:

Annotations:
D:2 Natasha


Innate Abilities, Weirdness & Mutations

You are too large for most types of armour.
You have tough skin. (AC +1)


Message History

Natasha mumbles some strange words.
You slash the frilled lizard!
You kill the frilled lizard!
You closely miss Natasha. Natasha claws you.
Your Fighting skill increases to level 5!
You closely miss Natasha. You barely miss the white imp.
You block the white imp's attack.
Natasha mumbles some strange words.
The white imp hits you but does no damage.
You block Natasha's attack.
You barely miss Natasha. You closely miss the white imp.
The white imp hits you. The white imp freezes you. Natasha claws you!
Unknown command.
You hit Natasha but do no damage. You slash the white imp!
Natasha casts a spell at you.
You feel yourself slow down. The white imp gestures at you.
The puff of frost hits you!
The crimson imp blinks!
The white imp hits you. The white imp freezes you.
* * * LOW HITPOINT WARNING * * *
Natasha claws you!
* * * LOW HITPOINT WARNING * * *
It was a potion of degeneration.
There was something very wrong with that liquid.
You feel weakened.
You feel dopey.
You feel clumsy. You block the white imp's attack.
Natasha casts a spell at you. The magic dart hits you.
* * * LOW HITPOINT WARNING * * *
It was a potion of invisibility.
You fade into invisibility!
Natasha casts a spell.
The white imp closely misses you. You block the white imp's attack.
Natasha barely misses you.
It was a potion of attraction.
You feel attractive to monsters. Natasha barely misses you.
The white imp hits you.
* * * LOW HITPOINT WARNING * * *
The white imp freezes you.
You die...

#.# #.# #.#
#.#.#
#######.#
#^#.#
#.).....#
#.#.#
#.#######
##.#.# #.#
####....## #.#
...5.#5..# #.#
#..h@†# #.#
##.#5.# #.# #
#..# #.#
##.#..####.#
#..........#
.......#######
###...## ....#
#####


You could see Natasha, 2 crimson imps and a white imp (summoned).

Vanquished Creatures
  Natasha (D:2)
  A gnoll (D:1)
  A dart slug (D:1)
  6 endoplasms
  3 goblins (D:1)
  5 hobgoblins
  7 kobolds
  A quokka (D:1)
  6 ball pythons (D:1)
  5 bats
  A frilled lizard (D:2)
  A rat (D:2)
38 creatures vanquished.

Notes
Turn   | Place    | Note
-------+----------+-------------------------------------------
     0 | D:1      | Dorkslayer the Ogre Fighter began the quest for the Orb.
     0 | D:1      | Reached XP level 1. HP: 24/24 MP: 1/1
   120 | D:1      | Reached XP level 2. HP: 28/32 MP: 2/2
   854 | D:1      | Reached XP level 3. HP: 40/40 MP: 3/3
  1247 | D:2      | Found a faded altar of an unknown god.
  1527 | D:2      | Noticed Natasha
  1533 | D:2      | Killed Natasha
  1534 | D:2      | Reached XP level 4. HP: 37/49 MP: 4/4
  1716 | D:2      | Noticed Natasha
  1719 | D:2      | Reached skill level 5 in Fighting
  1724 | D:2      | Slain by a white imp

Illustrated notes

Levels and vault maps discovered:
D:1:      tarquinn_simple_flora_water_e, layout_loops_ring
D:2:      layout_loops_ring, ebering_ecumenical_altar_rust,
          minmay_misc_feat_square, uniq_natasha

Skill      XL: |  1  2  3  4 |
---------------+-------------+-----
Dodging        | 3 |  3.3
Shields        | 3 |  3.1
Fighting       | 5 |  5.0
Axes           | |  2.6
Stealth        | |  0.1

Action                   |  1- 3 |  4- 6 || total
-------------------------+-------+-------++-------
Melee: War axe           |    98 |    20 ||   118
  Use: Potion            |       |     3 ||     3
Armor: Robe              |    30 |     9 ||    39
Dodge: Dodged            |    47 |    15 ||    62
Block: Kite shield       |    38 |    10 ||    48
